Map: Frozen Temple

Players

Fantdaluen

  • Race: Terran Terran
  • League: Bronze

Gracz - Winner!

  • Race: Terran Terran
  • League: Bronze

VOD

Have the link to the VOD?

Description

Time

  • Played on: Aug. 27, 2016, 7:29 p.m.
  • Length: 21:59
Show
View Real Time Build Order
Export as new Build Order

Fantdaluen Terran 

Build Orders: MMM Bio 

Get SALT Encoding   

  12  0:16  Supply Depot  
  12  0:21  SCV  
  13  0:33  SCV  
  14  0:40  Barracks  
  14  0:45  SCV  
  15  0:57  SCV  
  16  1:09  SCV  
  17  1:12  Supply Depot  
  17  1:21  SCV  
  18  1:27  Refinery  
  18  1:38  Marine  
  19  1:55  Marine  
  19  1:58  Supply Depot  
  20  2:08  Refinery, Orbital Command  
  20  2:13  Marine  
  21  2:27  Supply Depot  
  21  2:31  Marine  
  21  2:37  Barracks  
  22  2:49  Marine, Supply Depot  
  23  2:51  SCV  
  24  3:03  SCV  
  25  3:07  Marine  
  26  3:15  SCV  
  27  3:24  Marine, Supply Depot  
  28  3:27  SCV  
  28  3:29  Supply Depot  
  28  3:30  Barracks Tech Lab  
  29  3:39  Factory, SCV  
  30  3:42  Marine  
  31  3:50  Combat Shields  
  31  3:54  Marine  
  32  4:00  Marine  
  33  4:03  Supply Depot  
  33  4:12  Marine  
  33  4:15  SCV  
  35  4:18  Marine  
  36  4:26  Supply Depot  
  36  4:27  SCV  
  36  4:29  Marine  
  36  4:31  Barracks  
  38  4:36  Marine  
  39  4:42  Starport  
  39  4:47  Marine  
  40  5:02  Barracks Reactor  
  40  5:09  Stimpack  
  30  5:37  Medivac  
  32  5:55  Barracks Reactor  
  32  5:56  Marine x3  
  37  6:14  Marine x3  
  38  6:18  Starport Tech Lab  
  38  6:26  Starport  
  38  6:31  Marine  
  38  6:32  Marine x2  
  41  6:41  Marine x2  
  43  6:49  Marine x2  
  43  6:50  Marine  
  46  6:59  Marine x2  
  48  7:07  Marine x3  
  51  7:17  Marine x2  
  51  7:20  Engineering Bay  
  53  7:29  High Capacity Fuel Tanks  
  53  7:35  Medivac x2  
  57  8:01  Supply Depot  
  57  8:05  Medivac x2  
  61  8:31  Marine  
  61  8:32  Marine x4  
  66  8:49  Marine x3  
  66  8:50  Marine x2  
  71  9:07  Marine x2  
  73  9:48  Command Center  
  23  10:37  Medivac x2  
  27  10:53  SCV  
  27  10:56  Factory Tech Lab  
  28  11:05  SCV  
  28  11:07  Medivac x2  
  33  11:17  SCV  
  34  11:22  Orbital Command  
  34  11:30  Refinery  
  34  11:40  SCV  
  35  11:52  Refinery  
  35  11:53  SCV  
  36  12:04  Siege Tank  
  36  12:05  Factory, SCV  
  40  12:12  SCV  
  41  12:17  SCV  
  42  12:24  SCV  
  42  12:29  SCV  
  44  12:36  SCV  
  45  12:48  SCV  
  45  12:49  Command Center  
  46  13:00  SCV  
  47  13:10  Factory Tech Lab  
  47  13:12  SCV  
  48  13:24  SCV  
  49  13:37  SCV  
  50  13:56  Command Center  
  50  14:11  Command Center  
  50  14:28  Factory  
  50  14:36  Siege Tank  
  50  14:37  Command Center, Siege Tank  
  56  14:41  SCV  
  57  14:53  SCV  
  58  15:05  SCV  
  59  15:13  Supply Depot  
  59  15:29  Supply Depot  
  59  15:32  Supply Depot  
  59  15:38  Supply Depot  
  59  15:47  Refinery  
  59  15:53  SCV  
  60  16:00  Refinery  
  60  16:04  SCV  
  60  16:05  SCV  
  62  16:11  Refinery  
  62  16:12  Refinery  
  62  16:16  SCV  
  62  16:17  SCV x2  
  65  16:24  Refinery  
  65  16:27  Refinery  
  65  16:28  SCV  
  65  16:29  SCV x2  
  68  16:33  SCV  
  68  16:34  Refinery  
  69  16:41  SCV x3  
  69  16:45  SCV  
  73  16:50  Refinery  
  73  16:51  Starport Tech Lab  
  73  16:53  SCV x2, Fusion Core  
  75  16:57  SCV  
  76  17:05  SCV  
  76  17:07  SCV  
  78  17:09  SCV  
  78  17:13  SCV  
  80  17:19  SCV  
  80  17:21  SCV  
  82  17:25  SCV  
  82  17:26  SCV  
  84  17:31  SCV  
  84  17:33  SCV  
  86  17:37  SCV  
  86  17:38  SCV  
  86  17:43  SCV  
  89  17:45  SCV  
  89  17:49  SCV  
  89  17:50  SCV  
  92  17:55  SCV  
  92  17:57  SCV  
  94  18:02  SCV x2  
  94  18:05  SCV  
  97  18:09  SCV  
  98  18:15  SCV  
  98  18:17  SCV  
  100  18:21  SCV  
  100  18:22  Supply Depot  
  100  18:24  Supply Depot  
  102  18:27  SCV  
  102  18:28  Supply Depot  
  102  18:29  SCV  
  102  18:34  SCV  
  104  18:35  Orbital Command  
  104  18:38  Orbital Command  
  104  18:39  SCV  
  104  18:41  SCV  
  106  18:47  Battlecruiser x2  
  118  18:53  SCV  
  119  18:57  Orbital Command  
  119  19:02  Orbital Command  
  119  19:13  Weapon Refit  
  119  19:17  Hi-Sec Auto Tracking  
  119  19:31  Starport  
  107  19:51  Battlecruiser  
  107  19:52  Battlecruiser  
  119  19:56  Behemoth Reactor  
  119  19:59  SCV  
  120  20:05  SCV  
  121  20:11  SCV  
  122  20:17  SCV  
  119  20:23  SCV  
  118  20:29  SCV  
  111  20:35  SCV  
  111  20:41  SCV  
  113  20:46  Starport Tech Lab  
  113  20:47  SCV  
  112  20:53  SCV  
  108  20:58  Starport  
Show
View Real Time Build Order
Export as new Build Order

Gracz Terran - Winner!

Build Orders: 1/1/1 

Get SALT Encoding   

  12  0:03  SCV  
  13  0:16  Supply Depot  
  13  0:33  Refinery  
  13  0:34  SCV  
  14  0:46  SCV  
  14  0:47  Barracks  
  15  1:00  SCV  
  16  1:16  Engineering Bay, SCV  
  17  1:35  Factory  
  17  1:41  SCV  
  17  1:42  Refinery  
  17  1:45  Marine  
  19  1:53  SCV  
  20  2:02  Marine  
  21  2:20  Marine  
  22  2:24  Factory Tech Lab  
  22  2:26  Starport  
  22  2:34  SCV  
  23  2:40  Barracks Reactor  
  23  3:12  Terran Infantry Armor Level 1  
  23  3:23  Supply Depot  
  23  3:35  Orbital Command  
  23  3:45  Marine x2, Medivac  
  27  3:50  Command Center  
  27  4:03  Marine x2  
  29  4:20  Marine  
  21  5:30  Marine x2  
  23  5:36  SCV  
  24  5:45  Terran Infantry Weapons Level 1  
  24  5:48  Marine x2, SCV  
  27  5:51  Barracks  
  27  6:00  Barracks, SCV  
  27  6:03  Barracks  
  28  6:06  Marine x2  
  30  6:12  SCV  
  31  6:24  Marine x2, SCV  
  34  6:32  Banshee  
  37  6:36  SCV  
  37  6:38  SCV  
  39  6:50  Armory, SCV  
  40  6:56  Barracks Reactor x2, Factory Tech Lab  
  40  6:58  Barracks Reactor  
  40  7:03  SCV  
  40  7:05  Orbital Command  
  41  7:45  Marine x5  
  41  7:48  Combat Shields  
  46  7:55  Medivac  
  46  7:56  Medivac  
  50  8:07  Thor  
  50  8:08  Supply Depot  
  50  8:11  Supply Depot  
  56  8:14  Refinery  
  56  8:16  SCV  
  57  8:25  Medivac  
  57  8:26  Medivac  
  61  8:28  SCV, Sensor Tower  
  62  8:35  Engineering Bay  
  62  8:38  Marine x2  
  62  8:39  Marine x2  
  66  9:00  Terran Vehicle And Ship Armor Level 1  
  66  9:02  Marine x4  
  70  9:04  Command Center  
  70  9:05  Building Armor  
  70  9:06  Terran Infantry Armor Level 2  
  70  9:07  Stimpack  
  70  9:23  Marine  
  70  9:24  Marine x6  
  71  10:09  Marine x3  
  71  10:10  Marine x4  
  78  10:14  Factory Tech Lab  
  78  10:21  Orbital Command  
  78  10:24  SCV  
  78  10:27  Marine, SCV  
  81  10:36  SCV  
  81  10:39  Supply Depot, SCV  
  83  10:48  SCV  
  84  10:55  Supply Depot  
  84  10:56  Supply Depot  
  84  10:57  Terran Ship Weapons Level 1  
  84  10:59  Terran Infantry Weapons Level 2  
  84  11:08  Supply Depot  
  84  11:17  SCV  
  85  11:29  SCV  
  85  11:30  SCV  
  87  11:33  SCV  
  87  11:36  Marine  
  89  11:42  SCV  
  89  11:43  Barracks  
  89  11:45  SCV  
  89  11:46  Marine x2  
  89  11:47  Barracks, Marine x2  
  95  11:55  SCV  
  95  11:58  Missile Turret  
  95  11:59  Missile Turret  
  96  12:05  Missile Turret  
  96  12:08  Missile Turret  
  96  12:11  SCV  
  97  12:16  Refinery  
  97  12:18  Medivac x2  
  101  12:23  SCV  
  101  12:26  Thor  
  101  12:29  Terran Infantry Armor Level 3  
  108  12:36  Supply Depot  
  108  12:39  Supply Depot  
  108  12:44  Refinery  
  108  12:48  Medivac x2  
  108  12:51  Terran Vehicle And Ship Armor Level 2  
  112  12:58  Barracks Reactor x2  
  112  13:10  SCV  
  113  13:18  Medivac  
  115  13:22  SCV  
  116  13:34  SCV  
  116  13:37  Supply Depot  
  117  13:47  Refinery  
  117  13:53  Supply Depot  
  117  13:57  Marine x11  
  128  14:14  Marine  
  128  14:15  Marine x10  
  139  14:32  Marine  
  139  14:33  Marine x10  
  150  14:39  Supply Depot  
  150  14:43  Supply Depot  
  150  14:50  Marine  
  151  14:54  Command Center  
  151  14:59  Sensor Tower  
  151  15:49  Supply Depot  
  151  16:13  Orbital Command  
  151  16:20  Marine  
  151  16:21  Marine x10  
  162  16:38  Marine  
  162  16:39  Marine x10  
  173  16:54  Medivac x2, Starport  
  173  16:56  Marine x2  
  173  16:57  Marine x9  
  188  17:14  Marine x4  
  192  17:24  Medivac x2  
  196  17:32  Cloaking Field  
  196  18:28  High Capacity Fuel Tanks  
  196  18:58  Raven  
  196  19:02  Raven  
Tags
 
Add a new tag
Caveats
  • Supply blocks, unpowered buildings, or Contaminate may cause inaccurate times.
  • Supply counts are checked every 10 seconds.